Map: Oxide LE

Players

Rusmag - Winner!

  • Race: Protoss Protoss
  • Spawn Location: 7:00

Hydropic

  • Race: Zerg Zerg
  • League: Platinum
  • Spawn Location: 1:00

VOD

Have the link to the VOD?

Description

Time

  • Played on: Dec. 31, 2020, 5:46 p.m.
  • Length: 17:17
Show
View Real Time Build Order
Export as new Build Order

Rusmag Protoss - Winner!

Build Orders: Carriers 

Get SALT Encoding   

  12  0:00  Probe  
  13  0:12  Probe  
  14  0:25  Probe  
  15  0:33  Pylon  
  15  0:51  Probe (Chrono Boost)  
  16  1:01  Probe (Chrono Boost)  
  17  1:06  Nexus, Probe (Chrono Boost)  
  18  1:16  Gateway  
  19  1:25  Probe (Chrono Boost)  
  19  1:35  Probe (Chrono Boost)  
  19  1:37  Forge  
  20  1:41  Probe (Chrono Boost)  
  21  1:47  Assimilator  
  21  1:50  Assimilator  
  21  1:53  Probe  
  22  2:00  Pylon  
  22  2:10  Probe  
  23  2:20  Cybernetics Core  
  23  2:22  Probe  
  24  2:23  Probe  
  25  2:33  Photon Cannon  
  25  2:35  Probe (Chrono Boost)  
  27  2:37  Probe (Chrono Boost)  
  27  2:47  Probe (Chrono Boost)  
  27  2:49  Probe (Chrono Boost)  
  27  2:50  Assimilator  
  29  2:52  Assimilator  
  29  2:55  Probe (Chrono Boost)  
  29  2:58  Probe (Chrono Boost)  
  33  3:08  Probe  
  32  3:22  Stargate  
  32  3:25  Probe, Stargate  
  32  3:26  Probe (Chrono Boost)  
  34  3:36  Photon Cannon  
  34  3:38  Probe x2 (Chrono Boost)  
  36  3:47  Probe x2 (Chrono Boost)  
  38  3:52  Probe x2 (Chrono Boost)  
  40  4:02  Zealot  
  42  4:03  Void Ray (Chrono Boost)  
  42  4:08  Pylon  
  46  4:17  Pylon  
  46  4:20  Void Ray (Chrono Boost)  
  50  4:31  Probe x2  
  52  4:42  Photon Cannon  
  52  4:43  Probe  
  52  4:44  Probe  
  52  4:45  Protoss Air Weapons Level 1 (Chrono Boost)  
  54  4:49  Photon Cannon  
  54  4:56  Probe x2  
  55  5:08  Probe x2  
  57  5:15  Nexus  
  57  5:18  Pylon  
  57  5:19  Void Ray (Chrono Boost)  
  61  5:32  Void Ray (Chrono Boost)  
  61  5:33  Probe  
  62  5:36  Probe  
  67  5:45  Probe  
  67  5:48  Shield Battery  
  68  5:51  Shield Battery, Photon Cannon  
  68  5:54  Photon Cannon  
  68  5:56  Photon Cannon, Probe  
  69  5:57  Probe  
  69  5:58  Pylon  
  69  6:03  Shield Battery  
  70  6:07  Shield Battery  
  70  6:16  Probe x2  
  70  6:18  Pylon  
  72  6:25  Stargate  
  72  6:34  Assimilator  
  72  6:36  Assimilator  
  72  6:46  Fleet Beacon  
  72  6:50  Probe x2, Twilight Council  
  72  6:51  Cybernetics Core, Probe  
  75  6:58  Photon Cannon  
  75  7:01  Pylon  
  75  7:07  Void Ray (Chrono Boost)  
  79  7:13  Void Ray (Chrono Boost)  
  75  7:22  Void Ray (Chrono Boost)  
  83  7:30  Shield Battery  
  83  7:33  Flux Vanes, Photon Cannon  
  83  7:34  Photon Cannon  
  83  7:39  Probe x2  
  83  7:40  Probe  
  83  7:41  Photon Cannon  
  83  7:43  Void Ray (Chrono Boost), Pylon  
  86  7:45  Void Ray (Chrono Boost), Pylon  
  86  7:47  Shield Battery  
  94  7:59  Probe x3  
  97  8:13  Stargate  
  97  8:15  Pylon  
  97  8:19  Protoss Shields Level 1  
  97  8:21  Protoss Air Armor Level 1 (Chrono Boost)  
  97  8:26  Carrier (Chrono Boost)  
  97  8:27  Protoss Air Weapons Level 2 (Chrono Boost)  
  103  8:40  Carrier (Chrono Boost)  
  97  8:57  Carrier  
  103  9:20  Void Ray x2  
  95  9:30  Mothership (Chrono Boost)  
  103  9:36  Void Ray  
  111  9:40  Stargate  
  111  9:44  Stargate  
  115  9:52  Photon Cannon  
  115  9:55  Probe x2 (Chrono Boost)  
  115  9:59  Void Ray, Shield Battery, Photon Cannon  
  117  10:00  Nexus, Photon Cannon  
  117  10:01  Pylon  
  117  10:02  Pylon  
  121  10:19  Void Ray  
  121  10:20  Robotics Facility  
  121  10:26  Carrier  
  131  10:34  Void Ray  
  131  10:40  Protoss Air Armor Level 2 (Chrono Boost)  
  135  10:49  Protoss Shields Level 2 (Chrono Boost)  
  135  10:58  Assimilator  
  135  11:02  Assimilator, Protoss Air Weapons Level 3 (Chrono Boost)  
  135  11:06  Void Ray  
  139  11:33  Observer (Chrono Boost)  
  139  11:51  Observer (Chrono Boost)  
  140  11:57  Nexus x2  
  140  11:59  Pylon  
  140  12:00  Pylon  
  140  12:02  Pylon  
  140  12:03  Pylon  
  140  12:06  Assimilator  
  140  12:10  Assimilator  
  140  12:11  Void Ray  
  139  12:17  Carrier  
  139  12:18  Carrier  
  139  12:20  Carrier  
  161  12:51  Pylon  
  161  12:52  Pylon  
  161  12:53  Pylon x2  
  161  12:54  Shield Battery  
  161  12:55  Pylon x2, Stargate  
  161  12:57  Shield Battery, Stargate  
  161  12:58  Shield Battery  
  161  13:00  Shield Battery  
  161  13:02  Pylon  
  161  13:05  Photon Cannon  
  161  13:06  Photon Cannon  
  161  13:08  Carrier, Photon Cannon  
  161  13:09  Photon Cannon  
  167  13:14  Probe  
  168  13:26  Probe  
  169  13:34  Photon Cannon  
  169  13:36  Photon Cannon  
  169  13:37  Photon Cannon  
  169  13:39  Photon Cannon  
  169  13:41  Photon Cannon  
  169  13:42  Void Ray  
  172  14:06  Protoss Shields Level 3 (Chrono Boost)  
  172  14:16  Photon Cannon  
  172  14:18  Void Ray  
  172  14:21  Protoss Air Armor Level 3 (Chrono Boost)  
  172  14:22  Pylon  
  176  14:30  Pylon  
  175  14:39  Observer (Chrono Boost)  
  176  14:52  Observer (Chrono Boost)  
  176  14:55  Void Ray x3  
  176  14:56  Void Ray  
  176  14:57  Void Ray  
  197  15:11  Nexus  
  197  15:16  Pylon  
  197  15:30  Observer (Chrono Boost)  
  198  15:38  Shield Battery  
  198  15:39  Shield Battery  
  198  15:42  Shield Battery  
  198  15:44  Observer (Chrono Boost)  
  198  15:46  Shield Battery  
  198  15:47  Pylon  
  198  15:48  Photon Cannon  
  199  15:53  Photon Cannon, Stargate  
  199  15:54  Stargate  
  199  16:03  Observer  
  200  16:21  Photon Cannon  
  200  16:23  Photon Cannon  
  200  16:24  Nexus, Photon Cannon  
  200  16:26  Pylon  
  200  16:29  Pylon  
  200  16:33  Pylon  
  176  17:13  Assimilator  
  176  17:15  Assimilator  
Show
View Real Time Build Order
Export as new Build Order

Hydropic Zerg 

Build Orders: Hatch First 

Get SALT Encoding   

  12  0:00  Drone  
  13  0:13  Overlord  
  13  0:16  Drone  
  14  0:31  Drone x2  
  14  0:35  Drone  
  17  0:52  Hatchery  
  17  0:56  Drone  
  17  0:59  Drone  
  18  1:10  Extractor  
  17  1:14  Spawning Pool  
  17  1:17  Drone  
  17  1:21  Drone  
  18  1:28  Drone  
  19  1:39  Overlord  
  19  1:52  Drone  
  20  2:01  Queen  
  22  2:02  Drone  
  22  2:04  Drone  
  24  2:09  Queen  
  24  2:11  Metabolic Boost  
  24  2:14  Drone  
  27  2:17  Drone  
  27  2:22  Drone  
  29  2:28  Drone  
  30  2:38  Drone  
  30  2:40  Drone  
  30  2:42  Hatchery  
  31  2:45  Zergling x2  
  31  2:48  Zergling x2  
  33  2:58  Overlord  
  33  2:59  Drone  
  34  3:06  Drone  
  34  3:08  Zergling x2  
  36  3:16  Drone  
  36  3:18  Drone x4  
  36  3:19  Drone  
  42  3:21  Overlord x2  
  42  3:29  Spore Crawler  
  42  3:31  Spore Crawler  
  42  3:32  Queen  
  42  3:34  Drone  
  42  3:35  Drone  
  44  3:41  Drone  
  46  3:48  Drone x4  
  48  4:00  Zergling x10  
  53  4:04  Extractor  
  53  4:07  Drone x2  
  53  4:08  Queen, Drone  
  57  4:22  Drone x6  
  63  4:28  Drone x2  
  63  4:30  Extractor  
  64  4:33  Roach Warren  
  61  4:45  Overlord x2  
  60  4:46  Drone  
  60  4:47  Drone x4  
  65  4:56  Extractor  
  65  4:57  Queen  
  66  5:03  Spore Crawler  
  65  5:08  Overlord x2  
  65  5:11  Lair  
  65  5:14  Pneumatized Carapace  
  65  5:18  Drone x3  
  65  5:19  Roach  
  65  5:20  Roach x6  
  80  5:40  Roach x6  
  92  5:50  Spore Crawler  
  92  5:52  Spore Crawler  
  92  5:53  Spore Crawler  
  92  5:57  Queen  
  91  6:05  Roach x3  
  91  6:06  Overlord x6  
  91  6:07  Drone  
  98  6:11  Overseer  
  98  6:16  Hatchery  
  97  6:20  Evolution Chamber  
  97  6:21  Evolution Chamber  
  97  6:22  Hydralisk Den, Roach x2  
  97  6:24  Roach x2  
  97  6:25  Overlord x2  
  102  6:26  Roach x4  
  110  6:33  Queen  
  112  6:45  Roach  
  112  6:46  Roach x5  
  124  6:48  Spore Crawler  
  124  6:51  Spore Crawler  
  124  6:53  Drone x2  
  124  6:55  Queen  
  126  7:01  Drone x2  
  126  7:04  Extractor  
  123  7:19  Hydralisk  
  123  7:20  Hydralisk x2  
  130  7:30  Drone x7  
  136  7:37  Overseer  
  136  7:43  Overlord x3  
  136  7:44  Extractor  
  136  7:48  Zerg Ground Armor Level 1, Zerg Missile Weapons Level 1  
  135  7:55  Overseer  
  135  8:01  Queen  
  135  8:02  Hydralisk x5  
  147  8:08  Drone x2, Extractor  
  147  8:09  Extractor, Drone  
  147  8:10  Drone x3  
  151  8:17  Drone  
  152  8:20  Overlord x6  
  152  8:37  Queen x2  
  152  8:39  Hydralisk  
  152  8:40  Hydralisk x4  
  166  8:45  Hydralisk x2  
  166  8:46  Hydralisk  
  158  8:55  Hydralisk x3  
  154  9:05  Hydralisk  
  154  9:06  Hydralisk x3  
  159  9:12  Hydralisk x3  
  156  9:21  Hydralisk x3  
  156  9:23  Hydralisk  
  162  9:25  Drone x2  
  162  9:26  Drone  
  162  9:28  Drone  
  166  9:44  Drone x9  
  175  9:51  Hydralisk x4  
  183  9:58  Hydralisk x3  
  189  10:06  Drone x2  
  191  10:08  Overlord x3  
  191  10:27  Overlord x3  
  191  10:29  Zerg Missile Weapons Level 2  
  191  10:30  Spire  
  191  10:31  Zerg Ground Armor Level 2  
  190  10:50  Hydralisk  
  190  10:51  Hydralisk x3  
  171  11:42  Hatchery  
  171  11:43  Corruptor x12  
  194  11:59  Overseer  
  194  12:05  Corruptor x2  
  198  12:09  Zerg Flyer Weapons Level 1  
  198  12:11  Muscular Augments  
  188  12:25  Corruptor  
  188  12:26  Corruptor x6  
  180  12:34  Drone x5  
  180  12:36  Queen  
  187  13:01  Drone x3  
  187  13:05  Extractor  
  189  13:13  Corruptor x5  
  199  13:22  Grooved Spines  
  198  13:35  Infestation Pit  
  197  14:07  Overseer  
  197  14:17  Hive  
  173  14:47  Corruptor x20  
  173  14:48  Corruptor x3  
  173  14:51  Corruptor  
  187  15:03  Extractor  
  190  15:18  Drone x2  
  190  15:21  Drone x3  
  199  15:34  Viper  
  198  15:39  Viper  
  189  16:08  Hatchery  
  188  16:19  Corruptor x6  
  200  16:32  Spire  
Tags
 
Composition
Carriers
League
Platinum
Matchup
PvZ
Spawn Locations
Cross Positions
Add a new tag
Caveats
  • Supply blocks, unpowered buildings, or Contaminate may cause inaccurate times.
  • Supply counts are checked every 10 seconds.